 Dungeon Crawl Stone Soup version 0.29-a0-275-g389c0b56f3 (webtiles) character file.

Game seed: 11756879278097415679

46 Leszczynek the Chopper (level 3, -1/31 HPs)
             Began as a Draconian Cinder Acolyte on Mar 10, 2022.
             Was an Elder of Ignis.
             Slain by a wyvern (10 damage)
             ... on level 4 of the Dungeon.
             The game lasted 00:08:20 (694 turns).

Leszczynek the Chopper (Draconian Cinder Acolyte)    Turns: 694, Time: 00:08:21

Health: -1/31      AC: 12    Str: 16    XL:     3   Next: 46%
Magic:  4/4        EV: 11    Int: 14    God:    Ignis [****..]
Gold:   65         SH:  0    Dex:  8    Spells: 3/4 levels left

rFire   + . .      SeeInvis .   a - -1 hand axe (flame)
rCold   . . .      Faith    .   (no shield)
rNeg    . . .      Spirit   .   (body armour unavailable)
rPois   .          Reflect  .   (helmet restricted)
rElec   .          Harm     .   (no cloak)
rCorr   .          Rampage  .   (no gloves)
Will    .....                   (no boots)
Stlth   +.........              (no amulet)
HPRegen 0.10/turn               (no ring)
MPRegen 0.09/turn               (no ring)

@: fiery-armoured
A: AC +5, unfitting armour, cold-blooded
a: Renounce Religion, Fiery Armour, Foxfire Swarm, Rising Flame


You were on level 4 of the Dungeon.
You worshipped Ignis.
Ignis was greatly pleased with you.
You visited 1 branch of the dungeon, and saw 4 of its levels.

You collected 65 gold pieces.

Inventory:

Hand Weapons
 a - a -1 hand axe of flaming (weapon)
 b - a +0 hunting sling
Missiles
 f - 54 stones (quivered)
Scrolls
 c - 2 scrolls of identify {unknown}
 d - a scroll of amnesia {unknown}
 g - a scroll of enchant weapon {unknown}
 i - a scroll of teleportation {unknown}
Potions
 e - 2 potions of magic {unknown}
 h - a potion of lignification {unknown}
 j - 2 potions of might {unknown}


   Skills:
 - Level 3.2 Fighting
 + Level 4.1 Axes
 - Level 1.0 Spellcasting
 + Level 1.5 Necromancy
 - Level 3.0 Fire Magic


You had 3 spell levels left.
You knew the following spells:

 Your Spells              Type           Power      Damage    Failure   Level
a - Animate Skeleton      Necr           10%        N/A       14%         1

Your spell library contained the following spells:

 Spells                   Type           Power      Damage    Failure   Level
 Scorch                   Fire           18%        2d6       12%         2
 Pain                     Necr           20%        1d5       14%         1
 Vampiric Draining        Necr           5%         2d6       38%         3


Dungeon Overview and Level Annotations

Branches:
Dungeon (4/15)
 Temple: D:4-7

Altars:

Shops:
D:2 [


Innate Abilities, Weirdness & Mutations

Your plain brown scales are hard. (AC +5)
You cannot fit into any form of body armour.
You are cold-blooded and may be slowed by cold attacks.


Message History

The foxfire hits the wyvern but does no damage.
The wyvern is moderately wounded.
You hit the wyvern. You burn the wyvern.
You tail-slap the wyvern, but do no damage.
The wyvern is heavily wounded.
The wyvern closely misses you. The wyvern bites you!
You closely miss the wyvern.
The wyvern is heavily wounded.
The wyvern bites you but does no damage.
You hit the wyvern but do no damage.
The wyvern is heavily wounded.
The wyvern barely misses you. The wyvern bites you.
Activating: Foxfire Swarm
Press: ? - help, Dir - look around, f - activate Flames leap up around you!
The wyvern bites you!
The wyvern is burned by your cloak of flames.
The wyvern is heavily wounded.
You hit the wyvern but do no damage.
You tail-slap the wyvern, but do no damage.
The wyvern is heavily wounded.
The foxfire hits the wyvern but does no damage.
The wyvern is heavily wounded.
The foxfire hits the wyvern.
The wyvern is heavily wounded.
The foxfire hits the wyvern.
The wyvern is severely wounded.
The foxfire hits the wyvern but does no damage.
The wyvern is severely wounded.
The foxfire hits the wyvern.
The wyvern is severely wounded.
The wyvern bites you but does no damage.
The wyvern is burned by your cloak of flames.
The wyvern is almost dead.
The wyvern bites you but does no damage.
The wyvern is burned by your cloak of flames.
The wyvern is almost dead.
You completely miss the wyvern.
Your tail-slap misses the wyvern.
The wyvern is almost dead.
The wyvern bites you!
You die...

.#...# .# .# #...#.
.. . #.#.. .# . #)
########.#.# ...#...
.....##.#§#### .#.).
#.........§..# v..
##.##.#....##.##.#
#.....<....§§.l..#
.###..##.#...###@####
.........#.§≈# ###
####.......≈##
#.######≈# #.# #≈#
#.# .≈# #.# ..+ ..#
..≈# ### ≈#


You could see a wyvern.

Vanquished Creatures
  An adder (D:2)
  2 dart slugs (D:1)
  3 ball pythons
  7 bats
  4 endoplasms
  2 giant cockroaches (D:2)
  2 hobgoblins (D:1)
  4 kobolds
  3 frilled lizards
  2 goblins
  2 rats (D:1)
32 creatures vanquished.

Vanquished Creatures (others)
  10 foxfires (D:4)
10 creatures vanquished.

Grand Total: 42 creatures vanquished

Notes
Turn   | Place    | Note
-------+----------+-------------------------------------------
     0 | D:1      | Leszczynek the Draconian Cinder Acolyte began the quest for
                  | the Orb.
     0 | D:1      | Reached XP level 1. HP: 19/19 MP: 2/2
   155 | D:1      | Reached XP level 2. HP: 15/26 MP: 3/3
   162 | D:1      | Learned a level 1 spell: Animate Skeleton
   408 | D:2      | Reached skill level 1 in Necromancy
   445 | D:2      | Found Weac Ura's Armour Boutique.
   484 | D:2      | Reached XP level 3. HP: 26/31 MP: 4/4
   503 | D:2      | Found a faded altar of an unknown god.
   511 | D:2      | Reached skill level 4 in Axes
   684 | D:4      | Noticed a wyvern
   685 | D:4      | uh
   694 | D:4      | Slain by a wyvern

Illustrated notes

.#...# .# .# #...#.
.. . #.#.. .# . #)
########.#.#
...#...
.....##.#.####
.#.).
#............# ...
##.##.#....##.##.#
#.....<........@.#
##..##.#...###.####
.......#.§≈# ###
##.......≈##
#.######≈# #.# #≈#
#.# .≈# #.# ..+ ..#
..≈#


Turn 685 on D:4: uh

Levels and vault maps discovered:
D:1:      minmay_arrival_pointy, layout_basic
D:2:      layout_loops_corners, serial_shops, nicolae_shop_hallway_plus,
          shop_fountains, hellmonk_ecumenical_altar_inner_sanctum, uniq_terence,
          uniq_crazy_yiuf_cottage
D:3:      layout_loops_ring, serial_shops, nicolae_shop_hallway_stairs,
          minmay_fountain_box, uniq_grinder
D:4:      layout_loops_corners, lightli_temple_of_fire, trog_ov_bears_minmay,
          nicolae_ossuary_entry_monument, nrook_loot_triangle, glass_columns_b,
          hex_large, uniq_natasha

Skill      XL: |  1  2  3 |
---------------+----------+-----
Necromancy     | 1 |  1.5
Axes           | 4 |  4.1
Fighting       | |  3.2
Spellcasting   | |  1.0
Fire Magic     | |  3.0

Action                   || total
-------------------------++-------
Melee: Hand axe          ||    93
       Tailslap          ||    12
 Fire: Hunting sling     ||     5
Invok: Foxfire Swarm     ||     2
       Fiery Armour      ||     1
Armor: Skin              ||    45
Dodge: Dodged            ||    65

Table legend: (Time is in decaauts)
 A = Elapsed time spent in this place.
 B = Non-inter-level travel time spent in this place.
 C = Inter-level travel time spent in this place.
 D = Time resting spent in this place.
 E = Time spent auto-exploring this place.
 F = Levels seen in this place.
 G = Mean time per level.
                   A        B        C        D        E       F      G
               +--------+--------+--------+--------+--------+-----+--------+
         Total |    708 |    686 |     22 |      0 |      0 |   4 |  177.0 |
       Dungeon |    708 |    686 |     22 |      0 |      0 |   4 |  177.0 |
               +--------+--------+--------+--------+--------+-----+--------+

Top non-repeatable levels by time:
     D:1: 342 daAuts
     D:2: 223 daAuts
     D:3: 104 daAuts
     D:4: 37 daAuts
